 Dungeon Crawl Stone Soup version 0.21.1-1-g345015f (webtiles) character file.

1488 tidbits the Chiller (level 8, 38/58 HPs)
             Began as a Gnoll Ice Elementalist on Apr 6, 2018.
             Quit the game on level 8 of the Dungeon.
             The game lasted 00:23:26 (2187 turns).

tidbits the Chiller (Gnoll Ice Elementalist)        Turns: 2187, Time: 00:23:26

Health: 38/58      AC:  3    Str: 10    XL:     8   Next: 80%
Magic:  3/17       EV: 16    Int: 20    God:
Gold:   341        SH:  0    Dex: 16    Spells: 3/19 levels left

rFire    . . .     SeeInvis .   a - +0 dagger
rCold    . . .     Gourm    .   (no shield)
rNeg     . . .     Faith    .   f - +0 robe
rPois    .         Spirit   .   (no helmet)
rElec    .         Reflect  .   (no cloak)
rCorr    .         Harm     .   G - +0 pair of gloves
MR       .....                  (no boots)
Stlth    +++.......             (no amulet)
HPRegen  0.00/turn              (no ring)
MPRegen  0.15/turn              (no ring)

@: very slightly contaminated
A: distributed training, fangs 1, hooves 1, sense surroundings 1, inhibited
regeneration, wild magic 1, strong nose
a: no special abilities


You were on level 8 of the Dungeon.
You were not hungry.

You visited 1 branch of the dungeon, and saw 8 of its levels.

You collected 341 gold pieces.

Inventory:

Hand Weapons
 a - a +0 dagger (weapon)
 b - a +2 falchion of electrocution
   (You took it off an orc on level 6 of the Dungeon)
 m - a +0 halberd
 o - a +0 shortbow
 s - a +0 flail
 x - a +0 club
Missiles
 g - 50 stones
 i - 7 tomahawks (quivered)
 l - 37 arrows
 n - 35 poisoned needles
Armour
 e - a +0 buckler
 f - a +0 robe (worn)
 h - a +0 ring mail
 G - a +0 pair of gloves (worn)
Jewellery
 F - an uncursed ring of teleportation
   (You found it on level 7 of the Dungeon)
Wands
 d - a wand of digging (4)
 j - a wand of iceblast (5)
Scrolls
 p - a scroll of noise {unknown}
 r - 5 scrolls of remove curse
 t - a scroll of teleportation
 u - a scroll of enchant armour {unknown}
 v - a scroll of enchant weapon {unknown}
 A - a scroll of amnesia {unknown}
 C - a scroll of random uselessness
 D - a scroll of fear {unknown}
 E - a scroll of vulnerability {unknown}
Potions
 k - a potion of might
 q - 2 potions of cancellation
 y - 3 potions of lignification
 z - a potion of berserk rage
Books
 w - a book of Frost

   Spells                             Type                      Level
   a - Freeze                         Ice                          1
   b - Throw Frost                    Conjuration/Ice              2
   c - Ozocubu's Armour               Charms/Ice                   3
   d - Throw Icicle                   Conjuration/Ice              4
   e - Summon Ice Beast               Ice/Summoning                4
 B - a book of Changes
   (You found it on level 6 of the Dungeon)

   Spells                             Type                      Level
   a - Beastly Appendage              Transmutation                1
   b - Sticks to Snakes               Transmutation                2
   c - Spider Form                    Transmutation/Poison         3
   d - Ice Form                       Ice/Transmutation            4
   e - Blade Hands                    Transmutation                5
Comestibles
 c - 6 rations


   Skills:
 + Level 3.5 Fighting
 + Level 3.5 Short Blades
 + Level 3.5 Long Blades
 + Level 3.5 Axes
 + Level 3.5 Maces & Flails
 + Level 3.5 Polearms
 + Level 3.5 Staves
 + Level 3.5 Slings
 + Level 3.5 Bows
 + Level 3.5 Crossbows
 + Level 3.5 Throwing
 + Level 3.5 Armour
 + Level 5.8 Dodging
 + Level 5.5 Stealth
 + Level 3.5 Shields
 + Level 3.5 Unarmed Combat
 + Level 6.2 Spellcasting
 + Level 3.6 Conjurations
 + Level 2.9 Hexes
 + Level 2.9 Charms
 + Level 2.9 Summonings
 + Level 2.9 Necromancy
 + Level 2.9 Translocations
 + Level 2.9 Transmutations
 + Level 2.9 Fire Magic
 + Level 6.2 Ice Magic
 + Level 2.9 Air Magic
 + Level 2.9 Earth Magic
 + Level 2.9 Poison Magic
 + Level 3.9 Invocations
 + Level 3.5 Evocations


You had 3 spell levels left.
You knew the following spells:

 Your Spells              Type           Power        Failure   Level  Hunger
a - Freeze                Ice            ####         1%          1    None
i - Ice Form              Ice/Tmut       ####....     22%         4    ####...
j - Throw Frost           Conj/Ice       ####..       3%          2    None
k - Sticks to Snakes      Tmut           ###.....     8%          2    None
o - Ozocubu's Armour      Chrm/Ice       ####....     8%          3    ##.....
x - Summon Ice Beast      Ice/Summ       ####....     22%         4    ####...


Dungeon Overview and Level Annotations

Branches:
Dungeon (8/15)             Temple (0/1) D:7
   Lair: D:8-11

Altars:
Makhleb
Ru
Wu Jian


Innate Abilities, Weirdness & Mutations

Your experience applies equally to all skills.
You have very sharp teeth.
Your uncanny sense of smell can sniff out nearby items.
You have large cloven feet.
You passively map a small area around you.
You do not regenerate when monsters are visible.
Your spells are a little harder to cast, but a little more powerful.


Message History

An ogre comes into view. It is wielding a giant club.
There is a stone staircase leading down here.
Found a staircase to the Ecumenical Temple.
Unknown command.
Casting: Ice Form
Confirm with . or Enter, or press ? or * to list all spells.
You turn into a creature of crystalline ice.
Your +2 falchion of electrocution melds into your body.
Your +0 pair of gloves melds into your body.
Your +0 robe melds into your body.
Your +2 falchion of electrocution stops crackling.
Unknown command.
The ogre hits you with a giant club!
Unknown command.
You hit the ogre. You freeze the ogre.
The ogre is lightly wounded.
You punch the ogre! You freeze the ogre.
The ogre is severely wounded.
The ogre barely misses you.
You hit the ogre. You freeze the ogre.
The ogre is almost dead.
The ogre closely misses you.
You hit the ogre but do no damage.
The ogre is almost dead.
Unknown command.
Unknown command.
Unknown command.
Unknown command.
Unknown command.
Unknown command.
Unknown command.
You punch the ogre! You freeze the ogre.
You kill the ogre!
Things that are here:
a giant club; an ogre corpse Unknown command.
A giant cockroach comes into view.
Found 19 gold pieces.
You see here 19 gold pieces.
You now have 341 gold pieces (gained 19).
Things that are here:
a giant club; an ogre corpse
There is a stone staircase leading down here.
You climb downwards.
A hound and an ogre come into view.
There is a stone staircase leading up here.
The hound barks!
The hound bites you.
Unknown command.
Casting: Ice Form
Confirm with . or Enter, or press ? or * to list all spells.
A chill wind blows around you. The hound bites you but does no damage.
The hound bites you.
You punch the hound! You freeze the hound!
You kill the hound!
You punch the ogre! You freeze the ogre.
The ogre is severely wounded.
The ogre hits you with a giant club!
You hit the ogre. You freeze the ogre.
You kill the ogre!
You swap places.
Your magical contamination has completely faded away.
Found a ring mail and a ration.
Unknown command.
Found 3 scrolls of remove curse.
You see here a ration.
c - 6 rations (gained 1)
Found 16 bolts.
An iguana comes into view.
You see here 3 scrolls of remove curse.
r - 5 scrolls of remove curse (gained 3)
Found 5 gold pieces.
An eye of draining comes into view.
You warm up again.
Your +2 falchion of electrocution unmelds from your body.
Your +0 pair of gloves unmelds from your body.
Your +0 robe unmelds from your body.
You hear the crackle of electricity.
Wield which item (- for none, * to show all)? (? for menu, Esc to quit)
Your +2 falchion of electrocution stops crackling.
a - a +0 dagger (weapon)
Your ice beast disappears in a puff of smoke!
Unknown command.
Unknown command.
The helpless eye of draining fails to defend itself.
You impale the eye of draining!!
You bite the eye of draining, but do no damage.
The eye of draining is severely wounded.
The eye of draining gazes at you.
You feel your power leaking away.
Casting: Summon Ice Beast
Confirm with . or Enter, or press ? or * to list all spells.
You miscast Ice Form.
You are very lightly contaminated with residual magic.
You smell something strange.
Casting: Ice Form
Confirm with . or Enter, or press ? or * to list all spells.
You don't have enough magic to cast that spell.
Unknown command.
Are you sure you want to abandon this character and quit the game? (Confirm with "yes".)

, , , , ,
..............
............. ,
#...........# , ,
##...........#
**#...........#
#...........#... ,
, , ,
#.....lG....#..#
,,#.....@.......$#
, ,
#.....##.......# ,
###..............#
+ , ,
#................#
* ....,
#.............###
* ....
#....#..........#*
.....,
#...............#
, , ......
###........(....#
......
#.........####.. ,
,


You could see an eye of draining and an iguana (sleeping).

Vanquished Creatures
  The ghost of Totori the Firebug, an amateur HOFE (D:3)
  4 ogres
  2 centaurs
  2 bullfrogs (D:6)
  A scorpion (D:4)
  2 crimson imps (D:6)
  4 hounds
  A bullfrog skeleton (D:6)
  Jessica (D:2)
  A worker ant (D:7)
  A hound zombie (D:5)
  2 hound skeletons
  10 gnolls
  3 adders
  2 shadow imps (D:6)
  2 oozes
  2 dart slugs (D:1)
  2 worms
  A leopard gecko (D:2)
  7 orcs
  3 bats
  A bat skeleton (D:2)
  6 giant cockroaches
  7 goblins
  7 hobgoblins
  7 jackals
  A quokka (D:5)
  3 frilled lizards
  4 kobolds (D:1)
  2 rats
92 creatures vanquished.

Vanquished Creatures (collateral kills)
  An ice beast (D:7)
  A quasit (D:7)
  A hound (D:7)
  2 orc wizards (D:4)
  2 orcs (D:4)
7 creatures vanquished.

Grand Total: 99 creatures vanquished

Notes
Turn   | Place    | Note
-------+----------+-------------------------------------------
     0 | D:1      | tidbits the Gnoll Ice Elementalist began the quest for the Orb.
     0 | D:1      | Reached XP level 1. HP: 13/13 MP: 6/6
    59 | D:1      | Reached skill level 2 in Conjurations
   127 | D:1      | Reached XP level 2. HP: 14/19 MP: 3/7
   131 | D:1      | Learned a level 2 spell: Throw Frost
   313 | D:1      | Reached XP level 3. HP: 22/25 MP: 1/9
   321 | D:1      | Learned a level 3 spell: Ozocubu's Armour
   340 | D:1      | Reached skill level 5 in Spellcasting
   504 | D:3      | Reached skill level 1 in Invocations
   511 | D:3      | Reached skill level 1 in Fighting
   511 | D:3      | Reached skill level 1 in Short Blades
   511 | D:3      | Reached skill level 1 in Long Blades
   511 | D:3      | Reached skill level 1 in Axes
   511 | D:3      | Reached skill level 1 in Maces & Flails
   511 | D:3      | Reached skill level 1 in Polearms
   511 | D:3      | Reached skill level 1 in Staves
   511 | D:3      | Reached skill level 1 in Slings
   511 | D:3      | Reached skill level 1 in Bows
   511 | D:3      | Reached skill level 1 in Crossbows
   511 | D:3      | Reached skill level 1 in Throwing
   511 | D:3      | Reached skill level 1 in Armour
   511 | D:3      | Reached skill level 1 in Shields
   511 | D:3      | Reached skill level 1 in Unarmed Combat
   511 | D:3      | Reached skill level 1 in Evocations
   514 | D:3      | Reached XP level 4. HP: 10/32 MP: 0/11
   649 | D:3      | Reached skill level 1 in Hexes
   649 | D:3      | Reached skill level 1 in Charms
   649 | D:3      | Reached skill level 1 in Summonings
   649 | D:3      | Reached skill level 1 in Necromancy
   649 | D:3      | Reached skill level 1 in Translocations
   649 | D:3      | Reached skill level 1 in Transmutations
   649 | D:3      | Reached skill level 1 in Fire Magic
   649 | D:3      | Reached skill level 1 in Air Magic
   649 | D:3      | Reached skill level 1 in Earth Magic
   649 | D:3      | Reached skill level 1 in Poison Magic
   727 | D:3      | Reached XP level 5. HP: 30/37 MP: 8/12
   768 | D:2      | Noticed Jessica
   776 | D:2      | Killed Jessica
   803 | D:3      | Found an ornate altar of the Wu Jian Council.
   827 | D:3      | Found a sacrificial altar of Ru.
   830 | D:3      | Noticed Totori's ghost (amateur HOFE)
   859 | D:3      | Killed Totori's ghost
   859 | D:3      | Reached skill level 2 in Invocations
   859 | D:3      | Reached XP level 6. HP: 44/44 MP: 11/13
   997 | D:4      | Reached skill level 2 in Fighting
   997 | D:4      | Reached skill level 2 in Short Blades
   997 | D:4      | Reached skill level 2 in Long Blades
   997 | D:4      | Reached skill level 2 in Axes
   997 | D:4      | Reached skill level 2 in Maces & Flails
   997 | D:4      | Reached skill level 2 in Polearms
   997 | D:4      | Reached skill level 2 in Staves
   997 | D:4      | Reached skill level 2 in Slings
   997 | D:4      | Reached skill level 2 in Bows
   997 | D:4      | Reached skill level 2 in Crossbows
   997 | D:4      | Reached skill level 2 in Throwing
   997 | D:4      | Reached skill level 2 in Armour
   997 | D:4      | Reached skill level 5 in Dodging
   997 | D:4      | Reached skill level 2 in Shields
   997 | D:4      | Reached skill level 2 in Unarmed Combat
   997 | D:4      | Reached skill level 2 in Evocations
  1005 | D:4      | Learned a level 4 spell: Summon Ice Beast
  1103 | D:4      | Found a burning altar of Makhleb.
  1125 | D:4      | Reached XP level 7. HP: 40/50 MP: 8/15
  1211 | D:5      | Entered Level 5 of the Dungeon
  1368 | D:6      | Reached skill level 3 in Conjurations
  1368 | D:6      | Reached skill level 2 in Hexes
  1368 | D:6      | Reached skill level 2 in Charms
  1368 | D:6      | Reached skill level 2 in Summonings
  1368 | D:6      | Reached skill level 2 in Necromancy
  1368 | D:6      | Reached skill level 2 in Translocations
  1368 | D:6      | Reached skill level 2 in Transmutations
  1368 | D:6      | Reached skill level 2 in Fire Magic
  1368 | D:6      | Reached skill level 2 in Air Magic
  1368 | D:6      | Reached skill level 2 in Earth Magic
  1368 | D:6      | Reached skill level 2 in Poison Magic
  1534 | D:7      | Reached skill level 5 in Stealth
  1544 | D:7      | HP: 5/51 [ice beast (14)]
  1546 | D:7      | Reached skill level 3 in Invocations
  1588 | D:6      | Reached XP level 8. HP: 11/57 MP: 14/16
  1639 | D:6      | Reached skill level 6 in Ice Magic
  1728 | D:7      | Reached skill level 3 in Fighting
  1728 | D:7      | Reached skill level 3 in Short Blades
  1728 | D:7      | Reached skill level 3 in Long Blades
  1728 | D:7      | Reached skill level 3 in Axes
  1728 | D:7      | Reached skill level 3 in Maces & Flails
  1728 | D:7      | Reached skill level 3 in Polearms
  1728 | D:7      | Reached skill level 3 in Staves
  1728 | D:7      | Reached skill level 3 in Slings
  1728 | D:7      | Reached skill level 3 in Bows
  1728 | D:7      | Reached skill level 3 in Crossbows
  1728 | D:7      | Reached skill level 3 in Throwing
  1728 | D:7      | Reached skill level 3 in Armour
  1728 | D:7      | Reached skill level 3 in Shields
  1728 | D:7      | Reached skill level 3 in Unarmed Combat
  1728 | D:7      | Reached skill level 3 in Evocations
  1848 | D:6      | Learned a level 2 spell: Sticks to Snakes
  1853 | D:6      | Learned a level 4 spell: Ice Form
  1900 | D:6      | Reached skill level 6 in Spellcasting
  2007 | D:5      | Gained mutation: You do not regenerate when monsters are visible. [potion of mutation]
  2007 | D:5      | Gained mutation: You passively map a small area around you. [potion of mutation]
  2007 | D:5      | Gained mutation: You have large cloven feet. [potion of mutation]
  2007 | D:5      | Gained mutation: Your spells are a little harder to cast, but a little more powerful. [potion of mutation]
  2126 | D:7      | Found a staircase to the Ecumenical Temple.
  2187 | D:8      | Quit the game

Skill      XL: |  1  2  3  4  5  6  7  8 |
---------------+-------------------------+-----
Conjurations   | 2 3 |  3.6
Spellcasting   | 5 6 |  6.2
Invocations    | 1 2 3 |  3.9
Fighting       | 1 2 3 |  3.5
Short Blades   | 1 2 3 |  3.5
Long Blades    | 1 2 3 |  3.5
Axes           | 1 2 3 |  3.5
Maces & Flails | 1 2 3 |  3.5
Polearms       | 1 2 3 |  3.5
Staves         | 1 2 3 |  3.5
Slings         | 1 2 3 |  3.5
Bows           | 1 2 3 |  3.5
Crossbows      | 1 2 3 |  3.5
Throwing       | 1 2 3 |  3.5
Armour         | 1 2 3 |  3.5
Shields        | 1 2 3 |  3.5
Unarmed Combat | 1 2 3 |  3.5
Evocations     | 1 2 3 |  3.5
Hexes          | 1 2 |  2.9
Charms         | 1 2 |  2.9
Summonings     | 1 2 |  2.9
Necromancy     | 1 2 |  2.9
Translocations | 1 2 |  2.9
Transmutations | 1 2 |  2.9
Fire Magic     | 1 2 |  2.9
Air Magic      | 1 2 |  2.9
Earth Magic    | 1 2 |  2.9
Poison Magic   | 1 2 |  2.9
Dodging        | 5 |  5.8
Stealth        | 5 |  5.5
Ice Magic      | 6 |  6.2

Action                   |  1- 3 |  4- 6 |  7- 9 || total
-------------------------+-------+-------+-------++-------
Melee: Club              |    22 |       |       ||    22
       Unarmed           |     2 |    16 |    17 ||    35
       Bite              |     4 |     7 |     8 ||    19
       Dagger            |     5 |    38 |     6 ||    49
       Punch             |       |     1 |     1 ||     2
       Halberd           |       |    20 |    46 ||    66
       Falchion          |       |       |    11 ||    11
       Kick              |       |       |     4 ||     4
Throw: Tomahawk          |       |     2 |     4 ||     6
 Cast: Freeze            |    35 |    27 |    17 ||    79
       Ozocubu's Armour  |       |     6 |    10 ||    16
       Summon Ice Beast  |       |       |     3 ||     3
       Ice Form          |       |       |     3 ||     3
 Abil: End Transformatio |       |       |     2 ||     2
Evoke: Wand              |       |       |     9 ||     9
  Use: Potion            |       |     4 |     4 ||     8
       Scroll            |       |       |     8 ||     8
 Stab: Sleeping          |    12 |     6 |     6 ||    24
  Eat: Chunk             |       |     1 |     5 ||     6
Armor: Robe              |     1 |    16 |    31 ||    48
       Skin              |       |    16 |     1 ||    17
Dodge: Dodged            |    33 |    67 |    80 ||   180
       Rpst.: Falchion   |       |       |     6 ||     6

Table legend:
 A = Turns spent in this place as a percentage of turns spent in the entire game.
 B = Non-inter-level travel turns spent in this place as a percentage of non-inter-level travel turns spent in the entire game.
 C = Inter-level travel turns spent in this place as a percentage of turns spent in this place.
 D = Turns resting spent in this place as a percentage of non-inter-level travel turns spent in this place.
 E = Turns spent auto-exploring this place as a percentage of non-inter-level travel turns spent in this place.
 F = Non-inter-level travel turns spent in this place divided by the number of levels of this place that you've seen.
                   A       B       C       D       E      F
               +-------+-------+-------+-------+-------+----------------------
         Total | 100.0 | 100.0 |   2.0 |   0.0 |   0.0 | 267.9
       Dungeon | 100.0 | 100.0 |   2.0 |   0.0 |   0.0 | 267.9
               +-------+-------+-------+-------+-------+----------------------

Table legend:
 A = Kills in this place as a percentage of kills in entire the game.
 B = Kills by you in this place as a percentage of kills by you in the entire game.
 C = Kills by friends in this place as a percentage of kills by friends in the entire game.
 D = Other kills in this place as a percentage of other kills in the entire game.
 E = Experience gained in this place as a percentage of experience gained in the entire game.
 F = Experience gained in this place divided by the number of levels of this place that you have seen.
                   A       B       C       D       E      F
               +-------+-------+-------+-------+-------+----------------------
         Total | 100.0 | 100.0 | 100.0 |   N/A | 100.0 | 265.8
       Dungeon | 100.0 | 100.0 | 100.0 |   N/A | 100.0 | 265.8
               +-------+-------+-------+-------+-------+----------------------

Vault maps used:
D:1:      dpeg_arrival_round_c
D:2:      good_gods_temple_1, serial_undead, serial_undead_a, serial_undead_d,
          serial_undead_c, serial_undead_d, uniq_sigmund, uniq_jessica
D:3:      nicolae_overflow_hidden_temple, overflow_temple_1_default,
          nicolae_ru_sacrificial_ziggurat
D:4:      grunt_gozag_statues, old_standard_altar, kennysheep_generic_room_7
D:5:      first_ration, serial_shops, shop_fountains
D:7:      minmay_temple_entry_statues_pillars, nemelex_diamond_rough_becter
D:8:      serial_corexii_hall, corexii_hall_statues_s, corexii_hall_statues_l,
          blue_anna_alchemist, uniq_joseph
